Map: Old Estate

Players

Dallas

  • Race: Protoss Protoss
  • Spawn Location: 7:00

VUral

  • Race: Terran Terran
  • Spawn Location: 9:00

Molle

  • Race: Protoss Protoss
  • Spawn Location: 7:00

usermuser

  • Race: Protoss Protoss
  • Spawn Location: 7:00

Sharkop

  • Race: Protoss Protoss
  • League: Silver
  • Spawn Location: 1:00

Starfury

  • Race: Terran Terran
  • Spawn Location: 3:00

MooEsqoo

  • Race: Zerg Zerg
  • Spawn Location: 3:00

Роланд

  • Race: Protoss Protoss
  • Spawn Location: 1:00

VOD

Have the link to the VOD?

Description

Time

  • Played on: Dec. 21, 2019, 8:33 a.m.
  • Length: 15:49
Show
View Real Time Build Order
Export as new Build Order

Dallas Protoss 

Build Orders: Carriers 

Get SALT Encoding   

  12  0:03  Probe (Chrono Boost)  
  13  0:12  Probe (Chrono Boost)  
  14  0:17  Probe (Chrono Boost)  
  15  0:38  Pylon  
  15  1:04  Forge  
  15  1:06  Gateway  
  15  1:48  Nexus  
  15  1:51  Pylon  
  15  1:53  Probe (Chrono Boost)  
  16  1:54  Pylon  
  16  1:58  Pylon  
  16  2:02  Probe (Chrono Boost)  
  16  2:07  Probe (Chrono Boost)  
  18  2:19  Probe, Pylon  
  19  2:32  Probe (Chrono Boost)  
  19  2:35  Photon Cannon  
  20  2:38  Photon Cannon  
  20  2:42  Probe (Chrono Boost)  
  21  2:52  Pylon  
  21  2:55  Pylon  
  21  3:02  Photon Cannon  
  21  3:06  Assimilator  
  21  3:19  Assimilator  
  21  3:22  Probe (Chrono Boost)  
  21  3:23  Assimilator  
  21  3:26  Assimilator  
  22  3:31  Probe (Chrono Boost)  
  22  3:32  Probe (Chrono Boost)  
  24  3:39  Probe (Chrono Boost)  
  24  3:40  Probe (Chrono Boost)  
  26  3:44  Probe (Chrono Boost)  
  27  3:50  Photon Cannon  
  27  3:52  Probe  
  28  4:02  Probe (Chrono Boost)  
  29  4:03  Cybernetics Core  
  30  4:10  Probe (Chrono Boost)  
  30  4:13  Probe (Chrono Boost)  
  32  4:17  Probe x2 (Chrono Boost)  
  33  4:59  Nexus  
  33  5:01  Assimilator  
  33  5:05  Assimilator  
  33  5:09  Pylon, Stargate  
  33  5:10  Stargate  
  33  5:12  Pylon  
  33  5:14  Stargate  
  33  5:15  Pylon  
  33  5:28  Twilight Council  
  33  5:30  Robotics Facility  
  33  5:54  Protoss Shields Level 1  
  33  5:57  Void Ray (Chrono Boost)  
  33  6:03  Protoss Air Weapons Level 1 (Chrono Boost)  
  37  6:09  Probe (Chrono Boost)  
  38  6:11  Probe (Chrono Boost)  
  40  6:21  Probe (Chrono Boost)  
  40  6:22  Probe (Chrono Boost)  
  40  6:23  Probe (Chrono Boost)  
  42  6:26  Probe (Chrono Boost)  
  42  6:30  Probe  
  42  6:32  Probe  
  45  6:37  Photon Cannon  
  45  6:38  Probe  
  46  6:42  Probe  
  46  6:44  Probe  
  46  6:45  Void Ray (Chrono Boost)  
  52  6:54  Probe  
  53  7:05  Fleet Beacon  
  53  7:08  Forge  
  53  7:17  Void Ray  
  57  7:26  Void Ray  
  57  7:29  Protoss Ground Weapons Level 1 (Chrono Boost)  
  61  7:36  Observer  
  62  7:37  Void Ray  
  66  7:54  Protoss Air Armor Level 1 (Chrono Boost)  
  66  8:06  Protoss Ground Armor Level 1 (Chrono Boost)  
  66  8:11  Robotics Bay  
  66  8:12  Unknown  
  66  8:23  Carrier  
  72  8:37  Carrier  
  78  8:56  Carrier  
  84  9:14  Protoss Shields Level 2 (Chrono Boost)  
  84  9:18  Extended Thermal Lance  
  84  9:20  Colossus  
  90  9:26  Void Ray  
  94  9:45  Protoss Air Weapons Level 2 (Chrono Boost)  
  94  9:55  Protoss Ground Weapons Level 2 (Chrono Boost)  
  94  9:56  Carrier  
  100  10:26  Void Ray  
  100  10:28  Carrier  
  110  10:42  Colossus  
  116  10:59  Gravitic Boosters, Void Ray  
  120  11:09  Void Ray  
  124  11:47  Pylon  
  124  11:48  Pylon  
  124  11:49  Protoss Air Armor Level 2 (Chrono Boost)  
  124  11:50  Pylon  
  124  11:51  Pylon  
  124  11:53  Pylon  
  124  11:54  Pylon  
  124  11:57  Pylon  
  124  11:59  Pylon  
  124  12:00  Pylon  
  124  12:04  Protoss Shields Level 3 (Chrono Boost)  
  124  12:05  Void Ray x2  
  124  12:06  Void Ray  
  136  12:12  Photon Cannon  
  136  12:15  Photon Cannon  
  136  12:28  Protoss Ground Armor Level 2 (Chrono Boost)  
  136  12:48  Carrier  
  136  12:49  Void Ray  
  136  12:50  Void Ray  
  150  13:32  Void Ray  
  150  13:33  Carrier  
  160  13:52  Void Ray  
Show
View Real Time Build Order
Export as new Build Order

VUral Terran 

Build Orders:  

Get SALT Encoding   

  12  0:04  SCV  
  13  0:16  SCV  
  14  0:25  Supply Depot  
  14  0:29  SCV  
  15  0:47  SCV, Supply Depot  
  16  1:03  SCV  
  17  1:15  SCV, Supply Depot  
  18  1:27  SCV  
  19  1:33  Barracks  
  19  1:39  SCV  
  20  1:45  Supply Depot  
  20  1:51  SCV  
  20  1:53  Refinery  
  21  1:57  Refinery  
  21  2:03  SCV  
  23  2:15  SCV  
  23  2:22  Command Center  
  23  2:27  SCV  
  24  2:39  SCV  
  24  2:40  Engineering Bay  
  25  3:00  Barracks Reactor, Factory  
  25  3:27  Missile Turret  
  25  3:29  Hi-Sec Auto Tracking  
  25  3:36  Refinery, Orbital Command  
  25  3:39  SCV  
  26  3:48  Missile Turret  
  26  3:51  SCV  
  27  4:00  Refinery  
  27  4:03  SCV  
  27  4:09  Missile Turret  
  28  4:15  SCV  
  29  4:19  Factory Tech Lab  
  29  4:20  Armory  
  29  4:28  SCV  
  29  4:29  Missile Turret  
  30  4:41  SCV  
  31  4:53  SCV  
  31  4:55  Missile Turret  
  32  5:05  SCV  
  33  5:10  Starport  
  33  5:15  Missile Turret  
  33  5:16  Terran Ship Weapons Level 1  
  33  5:17  SCV  
  33  5:19  Terran Infantry Weapons Level 1  
  34  5:29  SCV  
  35  5:41  SCV  
  36  5:47  Starport  
  36  5:52  Fusion Core  
  36  5:53  SCV  
  37  6:02  Starport Tech Lab  
  37  6:06  SCV  
  38  6:18  SCV  
  39  6:26  Starport Tech Lab  
  39  6:30  SCV  
  40  6:34  Supply Depot  
  40  6:39  Drilling Claws  
  40  6:43  Widow Mine  
  40  6:46  Missile Turret  
  42  6:48  Battlecruiser  
  54  6:54  Battlecruiser  
  54  6:58  Supply Depot  
  54  7:04  Widow Mine  
  54  7:07  Missile Turret  
  56  7:11  Terran Vehicle And Ship Armor Level 1  
  56  7:18  Terran Infantry Armor Level 1  
  56  7:22  Supply Depot  
  56  7:26  Widow Mine  
  58  7:31  Armory  
  58  7:45  Supply Depot  
  58  7:47  Widow Mine  
  60  7:52  Battlecruiser  
  72  7:58  Battlecruiser  
  72  8:08  Widow Mine  
  72  8:09  Supply Depot  
  74  8:28  Marine  
  74  8:30  Marine  
  74  8:32  Supply Depot  
  76  8:56  Supply Depot  
  76  8:59  Battlecruiser  
  76  9:01  Terran Ship Weapons Level 2  
  76  9:02  Battlecruiser  
  88  9:10  Missile Turret  
  88  9:20  Supply Depot  
  88  9:25  Terran Vehicle And Ship Armor Level 2  
  88  9:30  Missile Turret  
  88  9:51  Missile Turret  
  88  10:03  Battlecruiser  
  88  10:07  Battlecruiser  
  100  10:09  Supply Depot  
  100  10:33  Supply Depot  
  100  11:17  Battlecruiser x2  
Show
View Real Time Build Order
Export as new Build Order

Molle Protoss 

Build Orders:  

Get SALT Encoding   

  12  0:03  Probe  
  13  0:20  Pylon  
  13  0:22  Probe  
  14  0:34  Probe  
  15  0:46  Probe  
  16  0:58  Probe, Gateway  
  17  1:10  Probe, Forge  
  18  1:19  Pylon  
  18  1:22  Probe  
  19  1:45  Probe  
  20  1:51  Photon Cannon  
  20  1:53  Photon Cannon  
  20  1:57  Probe, Pylon  
  21  2:06  Pylon  
  21  2:09  Probe  
  21  2:14  Photon Cannon  
  22  2:37  Pylon  
  22  2:47  Photon Cannon  
  22  3:00  Pylon  
  22  3:05  Pylon  
  22  3:09  Pylon  
  22  3:26  Pylon  
  21  3:53  Nexus  
  21  3:58  Nexus  
  21  4:04  Pylon  
  21  4:08  Assimilator  
  21  4:13  Assimilator  
  21  4:15  Pylon  
  21  4:29  Assimilator  
  21  4:33  Assimilator  
  21  4:36  Assimilator  
  21  4:42  Assimilator  
  21  4:44  Cybernetics Core  
  21  4:50  Cybernetics Core  
  21  4:56  Pylon  
  21  4:59  Pylon  
  21  5:00  Pylon  
  21  5:01  Probe (Chrono Boost)  
  22  5:08  Probe (Chrono Boost)  
  25  5:15  Probe (Chrono Boost)  
  25  5:18  Probe x2 (Chrono Boost)  
  26  5:23  Probe (Chrono Boost)  
  26  5:25  Probe (Chrono Boost)  
  26  5:26  Probe (Chrono Boost)  
  26  5:28  Probe (Chrono Boost)  
  29  5:34  Probe  
  31  5:39  Probe  
  31  5:42  Stargate  
  32  5:46  Probe  
  33  5:52  Probe  
  34  5:58  Probe (Chrono Boost)  
  34  6:04  Stargate  
  36  6:07  Probe (Chrono Boost)  
  36  6:10  Probe (Chrono Boost)  
  38  6:19  Probe (Chrono Boost)  
  38  6:20  Probe (Chrono Boost)  
  38  6:23  Robotics Facility  
  38  6:25  Probe (Chrono Boost)  
  39  6:26  Pylon  
  39  6:28  Probe (Chrono Boost)  
  43  6:40  Probe (Chrono Boost)  
  43  6:43  Probe (Chrono Boost)  
  43  6:46  Probe (Chrono Boost)  
  44  6:49  Probe (Chrono Boost)  
  45  6:54  Probe  
  45  6:58  Pylon  
  45  6:59  Void Ray  
  45  7:00  Void Ray  
  45  7:01  Probe  
  55  7:06  Probe  
  56  7:13  Probe (Chrono Boost), Stargate  
  57  7:17  Observer  
  58  7:25  Probe (Chrono Boost)  
  58  7:28  Protoss Air Weapons Level 1  
  58  7:29  Protoss Air Armor Level 1  
  60  7:32  Probe (Chrono Boost)  
  60  7:34  Probe (Chrono Boost)  
  61  7:39  Probe (Chrono Boost)  
  61  7:42  Probe (Chrono Boost), Observer  
  64  7:44  Probe (Chrono Boost)  
  64  7:47  Void Ray x2  
  73  7:51  Probe  
  73  7:55  Probe  
  75  8:07  Probe  
  75  8:08  Stargate  
  75  8:12  Pylon  
  76  8:14  Pylon  
  76  8:15  Pylon  
  76  8:16  Pylon  
  76  8:17  Pylon  
  76  8:19  Pylon  
  76  8:26  Void Ray  
  80  8:29  Void Ray  
  84  9:18  Void Ray  
  84  9:19  Void Ray x2  
  96  9:29  Pylon  
  96  9:31  Pylon, Fleet Beacon  
  96  9:33  Pylon  
  96  9:39  Stargate  
  96  9:42  Stargate  
  96  9:43  Stargate  
  95  10:01  Void Ray  
  95  10:02  Void Ray  
  99  10:28  Nexus  
  99  10:34  Assimilator  
  99  10:48  Void Ray x2  
  99  10:49  Void Ray  
  111  10:56  Void Ray x2  
  119  10:57  Void Ray  
  123  11:31  Void Ray x2  
  131  11:33  Protoss Air Weapons Level 2  
  131  11:38  Protoss Air Armor Level 2  
  131  11:43  Nexus  
  131  11:45  Pylon  
  131  11:47  Pylon  
  131  11:49  Pylon  
  131  11:53  Assimilator  
  131  11:56  Void Ray  
  131  11:57  Void Ray  
  131  11:58  Assimilator  
  139  12:16  Stargate x2  
  139  12:18  Stargate  
  139  12:35  Void Ray x2  
  139  12:36  Void Ray x2  
  155  12:48  Void Ray  
  159  13:07  Probe (Chrono Boost), Photon Cannon  
  159  13:09  Photon Cannon  
  159  13:11  Photon Cannon  
  160  13:14  Pylon  
  160  13:18  Probe (Chrono Boost)  
  160  13:19  Nexus  
  161  13:22  Probe (Chrono Boost)  
  161  13:24  Void Ray x2  
  170  13:31  Pylon  
  170  13:33  Pylon  
  170  13:34  Probe  
  171  13:37  Assimilator  
  171  13:41  Assimilator  
  171  13:46  Probe  
  172  13:48  Unknown  
  160  14:27  Void Ray x2  
  160  14:28  Void Ray x5  
Show
View Real Time Build Order
Export as new Build Order

usermuser Protoss 

Build Orders: Carriers, Carrier Rush 

Get SALT Encoding   

  12  0:02  Probe  
  13  0:14  Probe  
  13  0:19  Pylon  
  14  0:29  Probe  
  15  0:39  Gateway  
  15  0:42  Probe  
  16  0:53  Assimilator  
  16  0:54  Probe  
  17  1:06  Probe  
  17  1:11  Assimilator  
  18  1:20  Probe  
  19  1:27  Cybernetics Core  
  19  1:32  Probe  
  20  1:33  Pylon  
  20  1:44  Probe  
  21  1:51  Pylon  
  21  1:56  Probe  
  22  2:05  Stargate  
  22  2:08  Probe  
  23  2:26  Pylon  
  23  2:33  Twilight Council  
  23  2:43  Robotics Facility  
  23  2:49  Forge  
  23  3:12  Fleet Beacon  
  23  3:25  Nexus  
  23  3:49  Protoss Air Weapons Level 1  
  23  4:13  Assimilator  
  23  4:15  Pylon  
  23  4:19  Pylon  
  23  4:22  Assimilator  
  23  4:24  Carrier  
  29  4:50  Stargate  
  29  4:51  Probe  
  30  5:03  Probe  
  31  5:15  Probe  
  32  5:27  Probe  
  33  5:30  Pylon  
  33  5:35  Pylon  
  33  5:39  Probe  
  34  5:45  Warp Prism  
  36  5:53  Carrier  
  36  5:56  Probe  
  43  5:58  Protoss Air Armor Level 1  
  43  6:08  Probe  
  44  6:17  Pylon  
  44  6:20  Probe  
  45  6:33  Probe  
  45  6:37  Carrier  
  52  6:48  Probe  
  53  7:00  Probe  
  54  7:12  Probe  
  55  7:16  Nexus  
  55  7:19  Pylon  
  55  7:24  Probe  
  56  7:36  Probe  
  57  7:43  Assimilator  
  57  7:48  Photon Cannon  
  57  7:52  Photon Cannon  
  57  7:54  Photon Cannon  
  57  7:56  Photon Cannon  
  57  8:01  Assimilator  
  57  8:14  Carrier  
  57  8:19  Probe  
  64  8:29  Probe, Pylon  
  64  8:31  Probe  
  67  8:41  Probe  
  67  8:44  Carrier  
  70  9:18  Carrier  
  58  9:48  Phoenix  
  60  9:58  Stargate  
  60  10:13  Phoenix  
  62  10:22  Phoenix  
  64  10:38  Phoenix  
  66  10:47  Phoenix  
  68  11:03  Phoenix  
  70  11:12  Phoenix  
  72  11:22  Phoenix  
  74  11:28  Phoenix  
  76  11:35  Nexus  
  76  11:37  Phoenix  
  76  11:38  Pylon  
  78  11:47  Phoenix  
  78  11:53  Phoenix  
  82  12:02  Phoenix  
  84  12:12  Phoenix  
  86  12:17  Phoenix  
  88  12:27  Phoenix  
  90  12:37  Phoenix  
  90  12:42  Phoenix  
  86  12:52  Phoenix  
  86  13:02  Phoenix  
  80  13:07  Phoenix  
  66  13:17  Phoenix  
  66  13:18  Probe  
  57  13:27  Phoenix  
  57  13:30  Probe  
  57  13:32  Phoenix  
  62  13:42  Probe, Nexus, Phoenix  
  65  13:52  Phoenix  
  65  13:54  Probe  
  68  13:57  Phoenix  
  70  14:06  Probe  
  70  14:07  Phoenix  
  71  14:12  Assimilator  
  71  14:17  Phoenix  
  71  14:18  Probe  
  71  14:22  Phoenix  
  76  14:25  Pylon  
  76  14:27  Pylon  
  76  14:29  Pylon  
  76  14:30  Probe  
  77  14:32  Assimilator, Phoenix  
  79  14:39  Nexus  
  79  14:41  Stargate  
  79  14:42  Probe, Phoenix  
  82  14:47  Phoenix  
  84  14:54  Probe  
  84  14:57  Phoenix  
  87  15:06  Probe  
  87  15:07  Phoenix  
  88  15:12  Phoenix  
  92  15:19  Probe  
  87  15:22  Phoenix  
  89  15:37  Pylon  
  89  15:38  Pylon  
  89  15:40  Pylon  
  89  15:42  Nexus, Pylon  
  91  15:44  Pylon  
  91  15:47  Assimilator  
  91  15:49  Nexus  
Show
View Real Time Build Order
Export as new Build Order

Sharkop Protoss 

Build Orders: Carriers 

Get SALT Encoding   

  12  0:01  Probe  
  13  0:20  Probe, Pylon  
  14  0:51  Gateway  
  14  0:55  Forge  
  14  0:57  Probe (Chrono Boost)  
  15  1:09  Probe (Chrono Boost)  
  16  1:11  Assimilator  
  16  1:14  Probe (Chrono Boost)  
  16  1:16  Assimilator  
  17  1:30  Probe  
  18  1:42  Probe  
  19  1:54  Probe  
  20  2:06  Probe  
  21  2:09  Nexus  
  21  2:19  Probe  
  22  2:31  Probe  
  23  2:46  Pylon  
  23  2:49  Pylon  
  23  2:53  Cybernetics Core  
  23  3:04  Probe  
  24  3:15  Photon Cannon  
  24  3:17  Photon Cannon  
  24  3:19  Photon Cannon  
  24  3:56  Stargate  
  24  3:58  Stargate  
  24  4:01  Stargate  
  24  4:05  Stargate  
  24  4:15  Probe (Chrono Boost)  
  24  4:16  Probe (Chrono Boost)  
  26  4:26  Probe x2 (Chrono Boost)  
  26  4:31  Probe x2 (Chrono Boost)  
  30  4:40  Assimilator  
  30  4:41  Probe x2  
  32  4:45  Assimilator  
  32  4:53  Probe x2 (Chrono Boost)  
  34  5:01  Fleet Beacon  
  34  5:06  Probe (Chrono Boost)  
  36  5:07  Probe (Chrono Boost)  
  37  5:14  Probe (Chrono Boost)  
  37  5:15  Probe (Chrono Boost)  
  37  5:20  Probe x2  
  38  5:25  Pylon  
  40  5:29  Pylon  
  40  5:32  Probe x2, Protoss Shields Level 1  
  40  5:34  Pylon  
  42  5:38  Pylon  
  42  5:42  Pylon  
  42  5:44  Tempest, Probe x2  
  42  5:46  Pylon  
  42  5:49  Protoss Air Weapons Level 1  
  49  5:54  Tempest  
  49  5:56  Probe x2  
  56  6:11  Tempest  
  61  6:27  Tempest  
  66  6:44  Tempest  
  71  7:07  Carrier  
  77  7:38  Carrier  
  77  7:41  Nexus  
  77  7:44  Assimilator  
  83  7:49  Assimilator  
  83  8:04  Carrier (Chrono Boost)  
  89  8:24  Pylon  
  89  8:27  Pylon  
  89  8:38  Pylon  
  89  8:41  Pylon  
  89  8:44  Pylon  
  89  8:47  Pylon, Carrier (Chrono Boost)  
  101  8:56  Carrier (Chrono Boost)  
  101  9:02  Photon Cannon  
  107  9:04  Photon Cannon, Carrier (Chrono Boost)  
  107  9:07  Photon Cannon  
  107  9:13  Photon Cannon  
  107  9:14  Probe x2  
  107  9:15  Probe  
  107  9:16  Photon Cannon  
  110  9:21  Photon Cannon  
  110  9:23  Carrier  
  110  9:24  Photon Cannon  
  112  9:26  Probe x2  
  112  9:27  Probe  
  114  9:41  Probe  
  114  9:42  Probe x2  
  117  9:53  Probe, Photon Cannon  
  117  9:54  Probe x2  
  117  9:55  Photon Cannon  
  117  9:58  Photon Cannon  
  120  10:00  Photon Cannon  
  120  10:03  Photon Cannon  
  120  10:05  Tempest  
  120  10:06  Probe x3, Photon Cannon  
  128  10:08  Photon Cannon  
  128  10:11  Photon Cannon  
  128  10:12  Carrier  
  134  10:40  Protoss Air Weapons Level 2  
  134  10:44  Carrier  
  134  10:49  Pylon  
  140  10:52  Pylon  
  140  10:55  Pylon  
  140  10:58  Twilight Council, Pylon  
  140  11:02  Pylon  
  140  11:21  Carrier  
  146  11:27  Carrier  
  146  11:30  Pylon  
  152  11:33  Pylon  
  152  11:34  Tempest  
  152  11:35  Pylon  
  152  11:38  Pylon  
  157  11:47  Protoss Shields Level 2  
  157  12:03  Stargate  
  157  12:05  Stargate  
  157  12:18  Tempest  
  162  12:38  Tempest  
  167  12:53  Tempest  
  167  12:55  Carrier  
  178  13:27  Carrier  
  184  13:37  Tempest  
  189  14:01  Carrier (Chrono Boost)  
  135  14:10  Carrier (Chrono Boost)  
  120  14:23  Tempest x2 (Chrono Boost)  
  99  14:36  Photon Cannon  
  99  14:40  Photon Cannon  
  99  14:45  Photon Cannon  
Show
View Real Time Build Order
Export as new Build Order

Starfury Terran 

Build Orders:  

Get SALT Encoding   

  12  0:05  SCV  
  13  0:17  SCV  
  14  0:38  SCV  
  15  0:43  Supply Depot  
  15  0:52  Supply Depot  
  15  1:34  Barracks  
  15  1:40  Engineering Bay  
Show
View Real Time Build Order
Export as new Build Order

MooEsqoo Zerg 

Build Orders: Hatch First 

Get SALT Encoding   

  12  0:02  Drone  
  13  0:14  Overlord  
  13  0:18  Drone  
  14  0:34  Drone x2  
  16  0:38  Drone  
  17  0:56  Drone  
  18  1:04  Drone  
  19  1:15  Drone  
  20  1:21  Hatchery  
  19  1:27  Extractor  
  19  1:28  Drone  
  19  1:30  Spawning Pool, Overlord  
  18  1:57  Drone  
  19  2:03  Drone  
  20  2:17  Zergling x4  
  20  2:19  Queen  
  24  2:35  Spore Crawler  
  23  2:39  Queen  
  23  2:43  Metabolic Boost  
  25  2:47  Zergling x4  
  25  2:48  Spore Crawler  
  25  2:49  Zergling x2  
  25  2:50  Drone x2  
  29  3:22  Drone x2  
  29  3:25  Zergling x2  
  29  3:26  Zergling x6  
  35  3:47  Baneling Nest  
  34  3:51  Roach Warren  
  34  3:54  Drone x2  
  34  3:55  Drone  
  36  3:57  Overlord x2  
  36  3:58  Overlord x3  
  36  4:16  Zergling x4  
  39  4:17  Drone  
  39  4:37  Drone x4  
  39  4:38  Drone x2  
  44  4:39  Roach x3  
  44  4:42  Lair  
  50  5:05  Roach x2  
  54  5:07  Drone x3  
  57  5:15  Extractor  
  57  5:16  Extractor  
  55  5:28  Extractor  
  54  5:54  Spire  
  53  6:11  Drone x6  
  56  6:13  Roach x3  
  56  6:14  Roach x3  
  56  6:16  Zergling x2, Drone  
  73  6:28  Infestation Pit  
  72  6:59  Hatchery  
  71  7:12  Hive  
  71  7:14  Extractor  
  70  7:16  Corruptor x2  
  70  7:18  Extractor  
  70  7:19  Overlord x6  
  70  7:20  Overlord x4  
  73  7:34  Queen  
  75  7:47  Corruptor x3  
  75  7:48  Corruptor  
  83  8:06  Drone x7  
  83  8:07  Drone  
  91  8:27  Greater Spire  
  91  8:48  Corruptor x4  
  91  8:49  Corruptor x2  
  91  8:50  Drone x3  
  106  9:13  Corruptor x3  
  106  9:14  Corruptor  
  106  9:15  Drone x2  
  106  9:16  Drone x2  
  118  9:43  Corruptor x4  
  118  9:44  Corruptor  
  128  9:45  Drone  
  128  9:46  Drone x4  
  133  9:59  Corruptor x2  
  137  10:13  Hatchery  
  136  10:16  Extractor  
  135  10:21  Extractor, Overlord x2  
  134  10:34  Queen  
  136  10:37  Corruptor x2  
  136  10:38  Corruptor x2  
  136  10:42  Brood Lord  
  146  10:46  Brood Lord  
  148  10:51  Brood Lord  
  150  11:09  Drone x5  
  155  11:15  Brood Lord  
  155  11:16  Brood Lord  
  159  11:24  Zerg Flyer Weapons Level 1  
  159  11:29  Centrifical Hooks  
  159  11:36  Baneling  
  159  11:37  Baneling x6  
  159  11:38  Baneling x4  
  159  11:43  Corruptor  
  159  11:46  Overlord x4  
  161  11:55  Overlord x2  
  161  11:56  Overlord  
  161  12:01  Baneling x5  
  161  12:02  Baneling x3  
  161  12:03  Baneling  
  161  12:04  Baneling  
  161  12:05  Baneling  
  161  12:06  Baneling  
  120  13:01  Corruptor x6  
  120  13:02  Corruptor x3  
  132  13:08  Corruptor  
  134  13:20  Corruptor  
  134  13:21  Corruptor x2  
  140  13:35  Hatchery, Extractor  
  140  13:36  Corruptor x2  
  140  13:37  Corruptor  
  140  13:39  Extractor  
  95  14:22  Corruptor  
  95  14:23  Corruptor x7  
  56  15:20  Corruptor x3  
Show
View Real Time Build Order
Export as new Build Order

Роланд Protoss 

Build Orders: 1 Gate Expand, Forge Fast Expand (FFE) 

Get SALT Encoding   

  12  0:12  Pylon  
  12  0:17  Probe  
  13  0:29  Probe  
  14  0:35  Gateway  
  14  0:49  Forge  
  14  0:56  Assimilator  
  14  0:58  Probe  
  15  1:10  Probe  
  16  1:22  Probe  
  17  1:34  Probe  
  18  1:41  Nexus  
  18  1:51  Probe  
  19  1:54  Assimilator  
  19  2:05  Cybernetics Core  
  19  2:20  Pylon  
  19  2:31  Pylon  
  19  2:51  Photon Cannon  
  19  2:53  Photon Cannon  
  19  3:09  Photon Cannon  
  19  3:13  Photon Cannon  
  19  3:21  Stargate  
  19  3:25  Photon Cannon  
  19  3:29  Probe  
  20  3:35  Probe  
  20  3:41  Probe  
  22  3:44  Photon Cannon  
  22  3:47  Probe  
  23  3:53  Probe  
  24  3:59  Probe  
  24  4:01  Assimilator  
  25  4:05  Probe, Void Ray  
  30  4:11  Probe  
  30  4:16  Assimilator  
  31  4:17  Probe  
  31  4:23  Probe  
  33  4:29  Probe  
  34  4:39  Pylon  
  34  4:41  Probe  
  34  4:43  Pylon  
  35  4:51  Stargate  
  35  4:52  Void Ray  
  39  4:53  Probe  
  39  4:59  Pylon  
  40  5:05  Probe  
  41  5:18  Probe  
  42  5:22  Stargate  
  42  5:28  Pylon  
  42  5:30  Probe  
  42  5:34  Fleet Beacon  
  42  5:35  Void Ray  
  47  5:42  Probe  
  48  5:53  Nexus  
  48  5:54  Probe  
  49  5:59  Pylon  
  49  6:01  Void Ray  
  53  6:06  Probe  
  54  6:12  Void Ray  
  59  6:18  Probe  
  59  6:30  Probe  
  59  6:31  Void Ray  
  64  6:42  Probe  
  64  6:44  Void Ray  
  69  6:54  Probe  
  69  6:55  Void Ray  
  74  7:06  Probe  
  74  7:08  Probe  
  76  7:13  Void Ray  
  80  7:19  Assimilator, Probe  
  80  7:20  Probe  
  82  7:25  Assimilator  
  82  7:27  Void Ray  
  86  7:32  Probe  
  87  7:37  Probe, Void Ray  
  92  7:44  Probe  
  93  7:56  Probe  
  93  7:58  Void Ray  
  98  8:08  Probe  
  98  8:10  Void Ray  
  103  8:20  Probe, Void Ray  
  108  8:33  Probe  
  109  8:40  Pylon  
  109  8:41  Pylon  
  109  8:44  Pylon  
  109  8:46  Pylon  
  109  8:47  Probe  
  106  8:57  Void Ray  
  106  8:59  Probe  
  111  9:11  Probe  
  104  10:17  Void Ray x3 (Chrono Boost)  
  88  10:33  Stargate  
  88  10:44  Pylon  
  88  10:47  Probe  
  89  10:51  Void Ray x3  
  101  10:57  Pylon  
  101  10:59  Probe  
  102  11:05  Photon Cannon  
  103  11:11  Probe  
  103  11:27  Nexus  
  103  11:31  Assimilator  
  103  11:34  Void Ray x3  
  103  11:37  Assimilator  
  115  11:45  Pylon  
  115  11:50  Void Ray  
  119  12:03  Unknown  
  119  12:17  Void Ray x3  
  119  12:19  Robotics Facility  
  131  12:33  Void Ray  
  135  12:59  Void Ray  
  135  13:00  Void Ray x2  
  147  13:16  Void Ray  
  151  13:31  Probe  
  144  13:42  Void Ray (Chrono Boost)  
  144  13:43  Probe, Void Ray (Chrono Boost)  
  144  13:44  Void Ray (Chrono Boost)  
  157  13:55  Probe  
  126  13:57  Void Ray (Chrono Boost)  
  118  14:07  Probe  
  115  14:19  Probe  
  115  14:21  Void Ray x3 (Chrono Boost)  
  128  14:31  Probe  
  128  14:32  Void Ray  
  133  14:44  Probe  
  133  14:45  Stargate  
  134  14:56  Probe  
  134  14:58  Void Ray x3  
  103  15:08  Probe  
Tags
 
Add a new tag
Caveats
  • Supply blocks, unpowered buildings, or Contaminate may cause inaccurate times.
  • Supply counts are checked every 10 seconds.